TOP OF THE 1ST |
Houston Colt .45's batting - Pitching for Portland Angels : RHP Jon Shonka
|
Pitching: RHP Jon Shonka
|
|
Batting: RHB Daniel Pena
|
0-0: Ball 1-0: Called Strike 1-1: Fly out, F8 (Flyball, 8LD, EV 88.1 MPH)
|
Batting: LHB Bruce Arvizu
|
0-0: Ball 1-0: Ball 2-0: Called Strike 2-1: Ball 3-1: Foul Ball, location: 2F 3-2: Reached via error on a dropped throw from 1B, E1 (Groundball, 34S, EV 78.8 MPH)
|
Batting: RHB Jason Monico
|
0-0: Fly out, F8 (Flyball, 78D, EV 91.2 MPH)
|
Batting: LHB Bob Govella
|
0-0: Swinging Strike 0-1: Swinging Strike 0-2: Ball Bruce Arvizu steals 2nd base 1-2: Ball 2-2: Ball 3-2: Reached on error, E4 (Groundball, 34D, EV 96.2 MPH) Bruce Arvizu to third
|
Batting: RHB Jorge Gutierrez
|
0-0: Ball 1-0: Ball 2-0: Foul Ball, location: 2F 2-1: Ball 3-1: Foul Ball, location: 2F 3-2: Foul Ball, location: 2F 3-2: Foul Ball, location: 2F 3-2: Ground out 5-3 (Groundball, 5, EV 85.0 MPH)
|
Top of the 1st over - 0 runs, 0 hits, 2 errors, 2 left on base; Houston 0 - Portland 0 |
BOTTOM OF THE 1ST |
Portland Angels batting - Pitching for Houston Colt .45's : RHP David Sanchez
|
Pitching: RHP David Sanchez
|
|
Batting: RHB Dan Myers
|
0-0: Ball 1-0: TRIPLE (Line Drive, 8RXD, EV 103.1 MPH)
|
Batting: RHB Rory Cobb
|
0-0: Ball 1-0: Foul Ball, location: 2F 1-1: Ball Passed Ball! Dan Myers scores 2-1: Bunt for hit to 13 - play at first, batter OUT! 1-3
|
Batting: RHB Wilford Harper
|
0-0: Ball 1-0: Ball 2-0: Ball 3-0: Called Strike 3-1: Base on Balls
|
Batting: LHB Dave Hicks
|
0-0: Swinging Strike Passed Ball! Wilford Harper to second 0-1: Fly out, F8 (Flyball, 8LD, EV 85.6 MPH)
|
Batting: RHB Aaron Bryant
|
0-0: Called Strike 0-1: Called Strike 0-2: SINGLE (Groundball, 5D, EV 103.8 MPH) Wilford Harper to third
|
Batting: SHB Danny Gelinas
|
0-0: Ball 1-0: Ball 2-0: Called Strike 2-1: Foul Ball, location: 2F 2-2: Ball 3-2: Base on Balls Aaron Bryant to second
|
Batting: RHB Arnaud Derosiers
|
0-0: SINGLE (Line Drive, 7S, EV 90.6 MPH) Wilford Harper scores Aaron Bryant to third Danny Gelinas to second Runner from 3rd tries for Home, SAFE, throw by LF to home
|
Batting: RHB Carlos Gonzales
|
0-0: Ball 1-0: Called Strike 1-1: Fly out, F7 (Flyball, 78S, EV 84.4 MPH)
|
Bottom of the 1st over - 3 runs, 3 hits, 0 errors, 2 left on base; Houston 0 - Portland 3 |
TOP OF THE 2ND |
Houston Colt .45's batting - Pitching for Portland Angels : RHP Jon Shonka
|
Batting: RHB John Moore
|
0-0: SINGLE (Line Drive, 4D, EV 103.8 MPH)
|
Batting: RHB Jarno van Lente
|
0-0: Called Strike John Moore steals 2nd base 0-1: Ball 1-1: Ball 2-1: Foul Ball, location: 2F 2-2: Foul Ball, location: 2F 2-2: Ball 3-2: Base on Balls
|
Batting: RHB Patrick Pinault
|
0-0: Ball 1-0: Called Strike 1-1: SINGLE (Groundball, 6D, EV 104.4 MPH) John Moore to third Jarno van Lente to second
|
Batting: RHB Roger Pelley
|
0-0: DOUBLE (Line Drive, 9LS, EV 113.8 MPH) John Moore scores Jarno van Lente scores Patrick Pinault to third
|
Batting: RHB Daniel Pena
|
0-0: Ball 1-0: Ball 2-0: Foul Ball, location: 2F 2-1: Ground out 4-3 (Groundball, 4, EV 100.0 MPH) Patrick Pinault scores Roger Pelley to third
|
Batting: LHB Bruce Arvizu
|
0-0: Fly out, F9 (Flyball, 9, EV 86.9 MPH) Runner from 3rd tags up, SCORES, throw by RF
|
Batting: RHB Jason Monico
|
0-0: Called Strike 0-1: Called Strike 0-2: Ball 1-2: Ball 2-2: Ball 3-2: SINGLE (Line Drive, 78M, EV 99.4 MPH)
|
Batting: LHB Bob Govella
|
0-0: Called Strike 0-1: Foul Ball, location: 2F 0-2: Ball 1-2: Foul Ball, location: 2F 1-2: Ball 2-2: Ball 3-2: Base on Balls Jason Monico to second
|
Batting: RHB Jorge Gutierrez
|
0-0: Ball 1-0: Called Strike 1-1: Called Strike 1-2: Foul Ball, location: 2F 1-2: Ball 2-2: 3-RUN HOME RUN (Flyball, 9D, EV 91.9 MPH), Distance : 352 ft
|
Batting: RHB John Moore
|
0-0: Called Strike 0-1: Called Strike 0-2: Ball 1-2: Fly out, F7 (Flyball, 7, EV 91.2 MPH)
|
Top of the 2nd over - 7 runs, 5 hits, 0 errors, 0 left on base; Houston 7 - Portland 3 |
BOTTOM OF THE 2ND |
Portland Angels batting - Pitching for Houston Colt .45's : RHP David Sanchez
|
Batting: RHB Mario Martinez
|
0-0: TRIPLE (Line Drive, 9LD, EV 100.0 MPH)
|
Batting: RHB Dan Myers
|
0-0: Swinging Strike 0-1: Ball 1-1: Ball 2-1: Foul Ball, location: 2F 2-2: Foul Ball, location: 2F 2-2: Foul Ball, location: 2F 2-2: Strikes out swinging
|
Batting: RHB Rory Cobb
|
0-0: Called Strike 0-1: Swinging Strike 0-2: Ball 1-2: Foul Ball, location: 2F 1-2: Strikes out swinging
|
Batting: RHB Wilford Harper
|
0-0: Called Strike 0-1: Swinging Strike 0-2: Ball 1-2: Hit by Pitch
|
Batting: LHB Dave Hicks
|
0-0: Ball 1-0: Ground out 3-1 (Groundball, 34, EV 87.5 MPH)
|
Bottom of the 2nd over - 0 runs, 1 hit, 0 errors, 2 left on base; Houston 7 - Portland 3 |
TOP OF THE 3RD |
Houston Colt .45's batting - Pitching for Portland Angels : RHP Jon Shonka
|
Pitching: LHP Bill Girton
|
|
Batting: RHB Jarno van Lente
|
0-0: Ball 1-0: Ball 2-0: Ball 3-0: Base on Balls
|
Batting: RHB Patrick Pinault
|
0-0: Called Strike 0-1: Swinging Strike 0-2: Foul Ball, location: 2F 0-2: Grounds into double play, 6-4-3 (Groundball, 6, EV 87.5 MPH)
|
Batting: RHB Roger Pelley
|
0-0: Ball 1-0: Foul Ball, location: 2F 1-1: Fly out, F8 (Flyball, 8RXD, EV 86.2 MPH)
|
Top of the 3rd over - 0 runs, 0 hits, 0 errors, 0 left on base; Houston 7 - Portland 3 |
BOTTOM OF THE 3RD |
Portland Angels batting - Pitching for Houston Colt .45's : RHP David Sanchez
|
Batting: RHB Aaron Bryant
|
0-0: Ball 1-0: Called Strike 1-1: Ground out 6-3 (Groundball, 6, EV 84.4 MPH)
|
Batting: SHB Danny Gelinas
|
0-0: Fly out, F9 (Flyball, 9D, EV 102.5 MPH)
|
Batting: RHB Arnaud Derosiers
|
0-0: Called Strike 0-1: SINGLE (Flyball, 9S, EV 80.0 MPH)
|
Batting: RHB Carlos Gonzales
|
0-0: Called Strike 0-1: Foul Ball, location: 2F 0-2: Ball 1-2: Foul Ball, location: 2F 1-2: Foul Ball, location: 2F 1-2: Ball 2-2: Ball 3-2: Foul Ball, location: 2F 3-2: Fly out, F7 (Flyball, 78S, EV 89.4 MPH)
|
Bottom of the 3rd over - 0 runs, 1 hit, 0 errors, 1 left on base; Houston 7 - Portland 3 |
TOP OF THE 4TH |
Houston Colt .45's batting - Pitching for Portland Angels : LHP Bill Girton
|
Batting: RHB Daniel Pena
|
0-0: Called Strike 0-1: Foul Ball, location: 2F 0-2: Ball 1-2: Foul Ball, location: 2F 1-2: Foul Ball, location: 2F 1-2: Ball 2-2: Fly out, F8 (Flyball, 89D, EV 100.6 MPH)
|
Batting: LHB Bruce Arvizu
|
0-0: Foul Ball, location: 2F 0-1: Foul Ball, location: 2F 0-2: Ball 1-2: Ball 2-2: Ball 3-2: Fly out, F8 (Flyball, 8RD, EV 106.2 MPH)
|
Batting: RHB Jason Monico
|
0-0: Ball 1-0: Ball 2-0: Ball 3-0: Called Strike 3-1: Foul Ball, location: 2F 3-2: Foul Ball, location: 2F 3-2: Base on Balls
|
Batting: LHB Bob Govella
|
0-0: Ground out 4-3 (Groundball, 4S, EV 83.8 MPH)
|
Top of the 4th over - 0 runs, 0 hits, 0 errors, 1 left on base; Houston 7 - Portland 3 |
BOTTOM OF THE 4TH |
Portland Angels batting - Pitching for Houston Colt .45's : RHP David Sanchez
|
Batting: RHB Mario Martinez
|
0-0: Ball 1-0: Called Strike 1-1: Foul Ball, location: 2F 1-2: Ball 2-2: Strikes out swinging
|
Batting: RHB Dan Myers
|
0-0: Swinging Strike 0-1: Ball 1-1: Foul Ball, location: 2F 1-2: Fly out, F8 (Line Drive, 8LD, EV 86.2 MPH)
|
Batting: RHB Rory Cobb
|
0-0: Ball 1-0: Fly out, F9 (Flyball, 89D, EV 103.1 MPH)
|
Bottom of the 4th over - 0 runs, 0 hits, 0 errors, 0 left on base; Houston 7 - Portland 3 |
TOP OF THE 5TH |
Houston Colt .45's batting - Pitching for Portland Angels : LHP Bill Girton
|
Batting: RHB Jorge Gutierrez
|
0-0: Ball 1-0: Ground out 4-3 (Groundball, 4, EV 102.5 MPH)
|
Batting: RHB John Moore
|
0-0: Called Strike 0-1: Ball 1-1: Ball 2-1: Foul Ball, location: 2F 2-2: Ball 3-2: Base on Balls
|
Batting: RHB Jarno van Lente
|
0-0: Ball 1-0: Called Strike 1-1: Ball 2-1: Ball 3-1: Base on Balls John Moore to second
|
Batting: RHB Patrick Pinault
|
0-0: Foul Ball, location: 2F 0-1: Ball 1-1: Fly out, F8 (Line Drive, 78D, EV 96.2 MPH)
|
Batting: RHB Roger Pelley
|
0-0: Fly out, F9 (Flyball, 9D, EV 95.0 MPH)
|
Top of the 5th over - 0 runs, 0 hits, 0 errors, 2 left on base; Houston 7 - Portland 3 |
BOTTOM OF THE 5TH |
Portland Angels batting - Pitching for Houston Colt .45's : RHP David Sanchez
|
Batting: RHB Wilford Harper
|
0-0: Ball 1-0: Ball 2-0: Foul Ball, location: 2F 2-1: Ball 3-1: Base on Balls
|
Batting: LHB Dave Hicks
|
0-0: Called Strike 0-1: Called Strike 0-2: SINGLE (Flyball, 8LS, EV 90.0 MPH) Wilford Harper to second
|
Batting: RHB Aaron Bryant
|
0-0: Foul Ball, location: 2F 0-1: Swinging Strike 0-2: Ball 1-2: Foul Ball, location: 2F 1-2: Foul Ball, location: 2F 1-2: Ball 2-2: Ball 3-2: Strikes out looking
|
Batting: SHB Danny Gelinas
|
0-0: SINGLE (Line Drive, 89M, EV 107.5 MPH) Wilford Harper to third Dave Hicks to second
|
Batting: RHB Arnaud Derosiers
|
0-0: Ball 1-0: Fly out, F8 (Flyball, 8LD, EV 109.4 MPH) Runner from 3rd tags up, OUT at HOME! 8-2
|
Bottom of the 5th over - 0 runs, 2 hits, 0 errors, 2 left on base; Houston 7 - Portland 3 |
TOP OF THE 6TH |
Houston Colt .45's batting - Pitching for Portland Angels : LHP Bill Girton
|
Batting: RHB Daniel Pena
|
0-0: SINGLE (Groundball, 13S, EV 65.0 MPH) (infield hit)
|
Batting: LHB Bruce Arvizu
|
0-0: Ball 1-0: Ball 2-0: Foul Ball, location: 2F 2-1: SINGLE (Line Drive, 89M, EV 92.5 MPH) Daniel Pena to second
|
Batting: RHB Jason Monico
|
0-0: Foul Ball, location: 2F 0-1: Swinging Strike 0-2: Foul Ball, location: 2F 0-2: Strikes out looking
|
Batting: LHB Bob Govella
|
0-0: Fielders Choice at 2nd, 5-4 (Groundball, 5, EV 86.2 MPH) Daniel Pena to third
|
Batting: RHB Jorge Gutierrez
|
0-0: Fielders Choice at 2nd, 6-4 (Groundball, 6, EV 103.1 MPH)
|
Top of the 6th over - 0 runs, 2 hits, 0 errors, 2 left on base; Houston 7 - Portland 3 |
BOTTOM OF THE 6TH |
Portland Angels batting - Pitching for Houston Colt .45's : RHP David Sanchez
|
Batting: RHB Carlos Gonzales
|
0-0: Ball 1-0: Called Strike 1-1: Foul Ball, location: 2F 1-2: Ball 2-2: Strikes out swinging
|
Batting: RHB Mario Martinez
|
0-0: Foul Ball, location: 2F 0-1: Ball 1-1: Ball 2-1: Ball 3-1: SINGLE (Groundball, 4MD, EV 109.4 MPH)
|
Batting: RHB Dan Myers
|
0-0: Called Strike 0-1: Swinging Strike 0-2: Ball 1-2: Ball 2-2: Ball 3-2: Strikes out swinging
|
Batting: RHB Rory Cobb
|
0-0: Called Strike 0-1: Ball 1-1: Called Strike Mario Martinez steals 2nd base 1-2: Foul Ball, location: 2F 1-2: Strikes out swinging
|
Bottom of the 6th over - 0 runs, 1 hit, 0 errors, 1 left on base; Houston 7 - Portland 3 |
TOP OF THE 7TH |
Houston Colt .45's batting - Pitching for Portland Angels : LHP Bill Girton
|
Batting: RHB John Moore
|
0-0: Ball 1-0: Foul Ball, location: 2F 1-1: Fly out, F6 (Line Drive, 6M, EV 68.1 MPH)
|
Pitching: RHP Brendan Garoutte
|
|
Batting: RHB Jarno van Lente
|
0-0: Called Strike 0-1: Ball 1-1: Foul Ball, location: 2F 1-2: Ground out 6-3 (Groundball, 6, EV 86.2 MPH)
|
Batting: RHB Patrick Pinault
|
0-0: Ball 1-0: Foul Ball, location: 2F 1-1: Ground out 3-1 (Groundball, 34, EV 84.4 MPH)
|
Top of the 7th over - 0 runs, 0 hits, 0 errors, 0 left on base; Houston 7 - Portland 3 |
BOTTOM OF THE 7TH |
Portland Angels batting - Pitching for Houston Colt .45's : RHP David Sanchez
|
Pitching: RHP Vinny Salazar
|
|
Batting: RHB Wilford Harper
|
0-0: Called Strike 0-1: Foul Ball, location: 2F 0-2: Ball 1-2: Ball 2-2: Foul Ball, location: 2F 2-2: Ground out 3-1 (Groundball, 34, EV 103.1 MPH)
|
Batting: LHB Dave Hicks
|
0-0: Ball 1-0: Called Strike 1-1: Ball 2-1: Foul Ball, location: 2F 2-2: Foul Ball, location: 2F 2-2: Fly out, F8 (Flyball, 8LD, EV 105.0 MPH)
|
Batting: RHB Aaron Bryant
|
0-0: Ball 1-0: DOUBLE (Flyball, 8RXD, EV 90.0 MPH)
|
Batting: SHB Danny Gelinas
|
0-0: Called Strike 0-1: Ball 1-1: Swinging Strike 1-2: Strikes out swinging
|
Bottom of the 7th over - 0 runs, 1 hit, 0 errors, 1 left on base; Houston 7 - Portland 3 |
TOP OF THE 8TH |
Houston Colt .45's batting - Pitching for Portland Angels : RHP Brendan Garoutte
|
Batting: RHB Roger Pelley
|
0-0: Ball 1-0: Ball 2-0: Swinging Strike 2-1: Fly out, F6 (Popup, 6MS, EV 81.9 MPH)
|
Batting: RHB Daniel Pena
|
0-0: Ball 1-0: Ball 2-0: Called Strike 2-1: Called Strike 2-2: Ball 3-2: DOUBLE (Line Drive, 89XD, EV 106.2 MPH)
|
Batting: LHB Bruce Arvizu
|
0-0: Called Strike 0-1: Ball 1-1: Swinging Strike 1-2: Ball 2-2: Foul Ball, location: 2F 2-2: Fly out, F7 (Flyball, 7LD, EV 100.0 MPH)
|
Batting: RHB Jason Monico
|
0-0: Foul Ball, location: 2F 0-1: Called Strike 0-2: Foul Ball, location: 2F 0-2: Fly out, F2 (Popup, 23F, EV 81.2 MPH)
|
Top of the 8th over - 0 runs, 1 hit, 0 errors, 1 left on base; Houston 7 - Portland 3 |
BOTTOM OF THE 8TH |
Portland Angels batting - Pitching for Houston Colt .45's : RHP Vinny Salazar
|
Pitching: RHP Tony Barrios
|
|
Batting: RHB Arnaud Derosiers
|
0-0: Ball 1-0: Foul Ball, location: 2F 1-1: Fly out, F9 (Flyball, 9, EV 91.2 MPH)
|
Pinch Hitting: SHB Adrian Orosco
|
0-0: Swinging Strike 0-1: Called Strike 0-2: Strikes out swinging
|
Batting: RHB Mario Martinez
|
0-0: Ball 1-0: Ball 2-0: Ball 3-0: Base on Balls
|
Batting: RHB Dan Myers
|
0-0: Called Strike 0-1: Ball 1-1: Fielders Choice at 2nd, U6 (Groundball, 6M, EV 84.4 MPH)
|
Bottom of the 8th over - 0 runs, 0 hits, 0 errors, 1 left on base; Houston 7 - Portland 3 |
TOP OF THE 9TH |
Houston Colt .45's batting - Pitching for Portland Angels : RHP Brendan Garoutte
|
Now in CF: Noah Pena
|
|
Batting: LHB Bob Govella
|
0-0: Called Strike 0-1: SINGLE (Groundball, 56S, EV 70.0 MPH) (infield hit)
|
Batting: RHB Jorge Gutierrez
|
0-0: Swinging Strike 0-1: Ball Bob Govella steals 2nd base 1-1: Ball 2-1: Swinging Strike 2-2: Ground out 4-3 (Groundball, 4, EV 107.5 MPH) Bob Govella to third
|
Batting: RHB John Moore
|
0-0: Ball 1-0: Foul Ball, location: 2F 1-1: Fly out, F9 (Flyball, 9D, EV 98.1 MPH) Runner from 3rd tags up, SCORES, no throw by RF
|
Batting: RHB Jarno van Lente
|
0-0: Fly out, F9 (Flyball, 9, EV 84.4 MPH)
|
Top of the 9th over - 1 run, 1 hit, 0 errors, 0 left on base; Houston 8 - Portland 3 |
BOTTOM OF THE 9TH |
Portland Angels batting - Pitching for Houston Colt .45's : RHP Tony Barrios
|
Pinch Hitting: RHB Kyle Gray
|
0-0: Ball 1-0: Fly out, F7 (Line Drive, 78M, EV 100.0 MPH)
|
Batting: RHB Wilford Harper
|
0-0: Called Strike 0-1: Ball 1-1: Foul Ball, location: 2F 1-2: SINGLE (Flyball, 89S, EV 95.6 MPH)
|
Batting: LHB Dave Hicks
|
0-0: Ball 1-0: Ball 2-0: Foul Ball, location: 2F 2-1: Hit by Pitch Wilford Harper to second
|
Batting: RHB Aaron Bryant
|
0-0: Ball 1-0: Called Strike 1-1: Called Strike 1-2: Strikes out swinging
|
Pinch Hitting: RHB Dan Thomey
|
0-0: Ball 1-0: Called Strike 1-1: Ball Passed Ball! Wilford Harper to third Dave Hicks to second 2-1: Ball 3-1: Base on Balls
|
Batting: RHB Arnaud Derosiers
|
0-0: Ball 1-0: Ball 2-0: Called Strike 2-1: Reached via error on a dropped throw from P, E3 (Groundball, P, EV 76.9 MPH) Wilford Harper scores Dave Hicks to third Dan Thomey to second
|
Pitching: LHP Frank Vazquez
|
|
Batting: RHB Noah Pena
|
0-0: Ball 1-0: Ball Passed Ball! Dave Hicks scores Dan Thomey to third Arnaud Derosiers to second 2-0: Foul Ball, location: 2F 2-1: Foul Ball, location: 2F 2-2: SINGLE (Groundball, 56D, EV 104.4 MPH) Dan Thomey scores Arnaud Derosiers to third
|
Pinch Hitting: LHB Ramon Garduno
|
0-0: Foul Ball, location: 2F 0-1: Ball 1-1: Ball 2-1: Ball 3-1: Foul Ball, location: 2F 3-2: Ground out 4-3 (Groundball, 4, EV 83.1 MPH)
|
Bottom of the 9th over - 3 runs, 2 hits, 1 error, 2 left on base; Houston 8 - Portland 6 |
|